 Dungeon Crawl Stone Soup version 0.30.1-11-g7821555f0a (webtiles) character file.

Game seed: 406795978366277223

50995 unlimited1921 the Eclecticist (level 15, -8/104 HPs)
             Began as a Djinni Fire Elementalist on Nov 22, 2023.
             Was a High Priest of Ashenzari.
             Mangled by a quicksilver ooze (24 damage)
             ... on level 5 of the Lair of Beasts on Nov 23, 2023.
             The game lasted 02:43:24 (29072 turns).

unlimited1921 the Eclecticist (DjFE)               Turns: 29072, Time: 02:43:25

Health: -8/104     AC:  6    Str:  7    XL:     15   Next: 0%
Gold:   719        EV: 14    Int: 24    God:    Ashenzari [*****.] SH: 19 Dex: 16

rFire   + + .        M - +4 spear of the Pangnostic Augurer {freeze, rC+ Int+2 Stlth+, Melee, Self} (curse)
rCold   + . .        R - +3 kite shield "Lashed Embarrassment" {Self, Cun} (curse)
rNeg    . . .        X - +1 robe "Unveiling Seeker" {Will+, Self, Range} (curse)
rPois   ∞            (no helmet)
rElec   .            g - +0 cloak of the Lashed Fetters {Self, Evo} (curse)
rCorr   .            o - +0 pair of gloves "Gaze Upon Infinity" {Self, Melee} (curse)
SInv    +            (boots unavailable)
Will    +++..        O - amulet of the Ensconced Morality {Reflect SH+5, Self, Fort} (curse)
Stlth   +++++        n - ring of Ashenzari's Stars {rC+, Evo, Self} (curse)
HPRegen 0.37/turn    N - ring of willpower
MPRegen 0.00/turn

%: reflection, clarity, infuse magic (-9 HP)
@: about to teleport, death channelling, engulfed, flying
A: sickness immunity, fire resistance 2, cold vulnerability 1, float, innate
caster, HP casting, extra vitality 1
a: Renounce Religion, Shatter the Chains


You were on level 5 of the Lair of Beasts.
You worshipped Ashenzari.
Ashenzari was extremely pleased with you.
You visited 4 branches of the dungeon, and saw 17 of its levels.
You also visited: Ossuary.

You collected 1322 gold pieces.
You spent 603 gold pieces at shops.

Inventory:

Hand Weapons
 e - a +1 sling of flaming
 l - a +1 mace of draining
 p - a +1 flail of protection
 D - a +2 dagger of venom
 J - a +0 vampiric hand axe
 M - the cursed +4 spear of the Pangnostic Augurer (weapon) {freeze, rC+ Int+2 Stlth+, Melee, Self}
   (You bought it in a shop on level 9 of the Dungeon)

   Int:       It affects your intelligence (+2).
   rC:        It protects you from cold.
   Stlth:     It makes you more stealthy.
   It has a curse which improves the following skills: Melee Combat: Short
   Blades, Long Blades, Axes, Maces & Flails, Polearms, Staves and Unarmed
   Combat.
   Introspection: Fighting and Spellcasting.
 V - a -1 demon whip of venom
 W - a +8 war axe
Missiles
 t - 34 poisoned darts
 I - 12 curare-tipped darts
Armour
 g - the cursed +0 cloak of the Lashed Fetters (worn) {Self, Evo}
   (You found it on level 3 of the Lair of Beasts)

   It has a curse which improves the following skills: Introspection: Fighting
   and Spellcasting.
   Evocations: Evocations.
 o - the cursed +0 pair of gloves "Gaze Upon Infinity" (worn) {Self, Melee}
   (You found it on level 2 of the Dungeon)

   It has a curse which improves the following skills: Introspection: Fighting
   and Spellcasting.
   Melee Combat: Short Blades, Long Blades, Axes, Maces & Flails, Polearms,
   Staves and Unarmed Combat.
 R - the cursed +3 kite shield "Lashed Embarrassment" (worn) {Self, Cun}
   (You found it on level 6 of the Dungeon)

   It has a curse which improves the following skills: Introspection: Fighting
   and Spellcasting.
   Cunning:   Dodging and Stealth.
 X - the cursed +1 robe "Unveiling Seeker" (worn) {Will+, Self, Range}
   (You took it off a wight on level 8 of the Dungeon)

   It has a curse which improves the following skills: Introspection: Fighting
   and Spellcasting.
   Ranged Combat: Ranged Weapons and Throwing.
Jewellery
 m - a +4 ring of protection
 n - the cursed ring of Ashenzari's Stars (left hand) {rC+, Evo, Self}
   (You found it on level 2 of the Dungeon)

   [ring of protection from cold]

   rC:        It protects you from cold.
   It has a curse which improves the following skills: Evocations: Evocations.
   Introspection: Fighting and Spellcasting.
 N - a ring of willpower (right hand)
 O - the cursed amulet of the Ensconced Morality (around neck) {Reflect SH+5, Self, Fort}
   (You found it on level 6 of the Dungeon)

   [amulet of reflection]

   It reflects blocked missile attacks.
   SH:        It affects your SH (+5).
   It has a curse which improves the following skills: Introspection: Fighting
   and Spellcasting.
   Fortitude: Armour and Shields.
Wands
 k - a wand of polymorph (3)
 s - a wand of flame (16)
 P - a wand of paralysis (43) (quivered)
 Q - a wand of iceblast (17)
 Y - a wand of light (28)
Scrolls
 b - 7 scrolls of teleportation
 h - 3 scrolls of enchant weapon
 i - 3 scrolls of magic mapping
 v - a scroll of acquirement
 y - 2 scrolls of immolation
 A - a scroll of butterflies
 F - 2 scrolls of brand weapon
 G - a scroll of blinking
 H - 3 scrolls of fear
 U - a scroll of fog
Potions
 a - 3 potions of might
 c - 5 potions of brilliance
 d - 2 potions of flight
 j - 3 potions of berserk rage
 q - 2 potions of lignification
 r - 3 potions of heal wounds
 u - 5 potions of curing
 w - 4 potions of mutation
 z - 2 potions of haste
 B - 2 potions of invisibility
 C - 2 potions of resistance
 Z - 3 potions of ambrosia
Miscellaneous
 f - a phial of floods


   Skills:
 + Level 3.0(8.8) Fighting
 + Level 0.2(1.0) Short Blades
 - Level 0.5(2.0) Axes
 + Level 0.8(2.5) Polearms
 * Level 6.3(8.5) Armour
 * Level 6.5(8.7) Dodging
 * Level 5.0(7.1) Stealth
 * Level 6.5(8.7) Shields
 * Level 16.9(24.2) Spellcasting


You knew the following spells:

 Your Spells              Type           Power      Damage    Failure   Level
a - Foxfire               Conj/Fire      100%       2x1d9     0%          1
b - Scorch                Fire           100%       2d9       0%          2
c - Volatile Blastmotes   Fire/Tloc      100%       2d18      0%          3
d - Inner Flame           Hex/Fire       98%        N/A       0%          3
e - Flame Wave            Conj/Fire      98%        2d20      0%          4
f - Freeze                Ice            100%       1d10      0%          1
g - Searing Ray           Conj           100%       2d8       0%          2
h - Summon Guardian Gole  Hex/Summ       98%        N/A       0%          3
i - Sticky Flame          Conj/Fire      98%        2d11      0%          4
j - Alistair's Intoxicat  Tmut/Pois      65%        N/A       0%          5
k - Silence               Hex/Air        49%        N/A       0%          5
l - Death Channel         Necr           49%        N/A       1%          6
Your spell library was empty.

Dungeon Overview and Level Annotations

Branches:
Dungeon (10/15)            Temple (1/1) D:7            Lair (5/5) D:10
 Shoals (0/4) Lair:3       Spider (0/4) Lair:2        Slime (1/5) Lair:5
Ossuary (visited)
    Orc: D:9-12

Altars:
Ashenzari
Cheibriados
Dithmenos
Elyvilon
Fedhas
Gozag
Hepliaklqana
Makhleb
Nemelex Xobeh
Okawaru
Qazlal
Ru
Trog
Uskayaw
Wu Jian
Xom
Yredelemnul
Zin
The Shining One
Jiyva
Lugonu

Shops:
D:9 (   D:10 :

Portals:
Abyss: Lair:5


Innate Abilities, Weirdness & Mutations

You are immune to sickness and miasma.
You are immune to poison.
Your flesh is very heat resistant. (rF++)
You are vulnerable to cold. (rC-)
You float through the air rather than walking.
You learn spells naturally, not from books.
Your magical power is your life essence.
You have superior vitality. (+4 MHP)


Message History

Okay, then.
You feel much better. The quicksilver ooze barely misses you.
The quicksilver ooze hits you.
You block the quicksilver ooze's attack.
The quicksilver ooze barely misses you.
Aiming: Paralyse
Press: ? - help, Q - select action, (/) - cycle Shift-Dir - straight line, f - you That beam is likely to hit you.
Continue anyway? [Y]es or [N]o only, please.
That beam is likely to hit you.
Continue anyway?
Okay, then.
Unknown command.
Aiming: Paralyse
Press: ? - help, Q - select action, (/) - cycle Shift-Dir - straight line, f - quicksilver ooze
Aim: a quicksilver ooze (lightly wounded, infinite will)
The quicksilver ooze is unaffected.
You block the quicksilver ooze's attack.
The quicksilver ooze closely misses you.
The quicksilver ooze barely misses you.
You block the quicksilver ooze's attack.
Casting: Summon Guardian Golem (safe; 0% risk of failure)
Confirm with . or Enter, or press ? or * to list all spells.
Malign forces permeate your being, awaiting release.
* * * LOW HITPOINT WARNING * * *
The quicksilver ooze hits you!
* * * LOW HITPOINT WARNING * * *
The quicksilver ooze engulfs you!
You block the quicksilver ooze's attack.
Casting: Death Channel (safe; 1% risk of failure)
Confirm with . or Enter, or press ? or * to list all spells.
You don't know that spell.
Unknown command.
Unknown command.
Casting: Death Channel (safe; 1% risk of failure)
Confirm with . or Enter, or press ? or * to list all spells.
Okay, then.
Unknown command.
As you read the scroll of teleportation, it crumbles to dust.
You feel strangely unstable. The quicksilver ooze hits you!!
You die...

###............#...#
##......###........#
##..........#..#...#
##.......#P..###..P#
###.........#..#...#
###...............##
...................#
............P..J...#
........._......@..#
...................##
#..#...............P#
####...............##
## ##.....#..##....#
.###....##.....#..###
.##.#...##.....#....#
....P...##......#.P##
.P#..!..###...'...##


You could see a quicksilver ooze.

Vanquished Creatures
  A quicksilver ooze (Slime:1)
  Erolcha (D:10)
  A two-headed ogre (D:10)
  A hydra (Lair:5)
  An anaconda (shapeshifter) (Lair:5)
  A centaur warrior (D:10)
  3 death yaks (Lair:5)
  A boulder beetle (Lair:5)
  4 thrashing horrors (Lair:5)
  Amaemon (D:8)
  The ghost of Lutefisk the Zephyrmancer, a novice TeAE of Vehumet (D:9)
  3 skysharks
  3 ugly things (Lair:5)
  6 elephants
  2 merfolk sirens (Lair:3)
  A black mamba (Lair:5)
  A torpor snail (Lair:2)
  Joseph (D:9)
  A smoke demon (Lair:5)
  A gargoyle (D:9)
  6 cane toads
  An orange demon (D:8)
  An unseen horror (D:10)
  2 komodo dragons
  5 rime drakes
  An ancient zyme (Lair:5)
  3 polar bears
  2 merfolk (Lair:3)
  A troll (D:10)
  6 dream sheep (Lair:5)
  A tyrant leech (shapeshifter) (Lair:5)
  31 blink frogs
  A jumping spider (shapeshifter) (Lair:5)
  6 slime creatures (Slime:1)
  A shadow (D:10)
  A spriggan (Lair:5)
  3 ynoxinuls (Lair:5)
  A spriggan (shapeshifter) (Lair:5)
  2 wyverns
  7 basilisks
  A wyvern (shapeshifter) (Lair:5)
  36 yaks
  2 steam dragons (D:6)
  A vampire mosquito (D:10)
  14 two-headed ogre zombies (D:10)
  13 water moccasins
  9 small abominations (Lair:5)
  An orc warrior (D:5)
  2 black bears
  2 sky beasts
  An ogre (D:4)
  21 wolves
  2 centaurs
  6 kobold brigands
  6 bullfrogs
  2 gnoll sergeants
  2 elf skeletons (D:4)
  3 scorpions
  5 wights (D:8)
  14 killer bees
  A howler monkey (D:8)
  2 centaur zombies (Ossuary)
  5 electric eels
  2 human zombies
  5 hounds
  6 orc priests
  5 jellies
  3 sleepcaps
  Terence (D:2)
  3 iguanas
  13 orc wizards
  4 mummies (Ossuary)
  9 gnolls
  4 adders
  A shadow imp (D:8)
  3 white imps
  2 worms
  A dart slug (D:1)
  38 orcs
  6 ball pythons
  7 bats
  4 endoplasms
  4 giant cockroaches
  11 goblins
  3 hobgoblins
  12 jackals
  A quokka (D:1)
  3 frilled lizards
  2 goblin zombies (Ossuary)
  20 kobolds
  3 kobold zombies (Ossuary)
  An orc skeleton (D:4)
  2 orc zombies (D:4)
  4 rats
451 creatures vanquished.

Vanquished Creatures (collateral kills)
  16 foxfires
16 creatures vanquished.

Vanquished Creatures (others)
  A two-headed ogre (D:6)
  A death yak (Lair:5)
  An oklob plant (Lair:5)
  An elephant (Lair:2)
  A torpor snail (Lair:5)
  A black mamba (Lair:5)
  A komodo dragon (Lair:5)
  A troll (D:9)
  2 yaks (Lair:5)
  1325 foxfires
1335 creatures vanquished.

Grand Total: 1802 creatures vanquished

Notes
Turn   | Place    | Note
-------+----------+-------------------------------------------
     0 | D:1      | unlimited1921 the Djinni Fire Elementalist began the quest
                  | for the Orb.
     0 | D:1      | unlimited1921 set off with the following spells memorised:
                  | Foxfire, Scorch, Volatile Blastmotes, Inner Flame, Flame
                  | Wave.
     0 | D:1      | Reached XP level 1. HP: 15/15 MP: 0/0
   120 | D:1      | Reached XP level 2. HP: 15/21 MP: 0/0
   358 | D:1      | Reached skill level 3 in Spellcasting
   358 | D:1      | Reached XP level 3. HP: 4/25 MP: 0/0
   358 | D:1      | Learned a level 1 spell: Freeze
  1762 | D:2      | Noticed Terence
  1770 | D:2      | Killed Terence
  1771 | D:2      | Reached XP level 4. HP: 9/31 MP: 0/0
  2942 | D:3      | Reached XP level 5. HP: 26/35 MP: 0/0
  2942 | D:3      | Learned a level 2 spell: Searing Ray
  3072 | D:3      | Found a hide-covered altar of Uskayaw.
  3153 | D:3      | Found an iron altar of Okawaru.
  3864 | D:3      | Found a sacrificial altar of Ru.
  3922 | D:4      | Reached skill level 4 in Spellcasting
  3965 | D:4      | Noticed an ogre
  3968 | D:4      | Killed an ogre
  3969 | D:4      | Reached skill level 1 in Armour
  3969 | D:4      | Reached XP level 6. HP: 34/41 MP: 0/0
  4222 | D:4      | Found a sand-covered staircase.
  4228 | D:4      | Reached XP level 7. HP: 29/46 MP: 0/0
  4228 | D:4      | Learned a level 3 spell: Summon Guardian Golem
  4231 | Ossuary  | Entered an ossuary
  4306 | Ossuary  | Reached skill level 5 in Spellcasting
  5718 | D:5      | Entered Level 5 of the Dungeon
  5734 | D:5      | Reached skill level 6 in Spellcasting
  5734 | D:5      | Reached XP level 8. HP: 47/51 MP: 0/0
  6921 | D:6      | Reached skill level 7 in Spellcasting
  7087 | D:6      | Found a sparkling altar of Nemelex Xobeh.
  7795 | D:6      | Noticed a two-headed ogre
  7802 | D:6      | Killed a two-headed ogre
  7803 | D:6      | Reached skill level 1 in Fighting
  7803 | D:6      | Reached skill level 8 in Spellcasting
  7803 | D:6      | Reached XP level 9. HP: 47/57 MP: 0/0
  7803 | D:6      | Learned a level 4 spell: Sticky Flame
  8055 | D:6      | Reached skill level 9 in Spellcasting
  8529 | D:7      | Reached skill level 1 in Shields
  8529 | D:7      | Reached XP level 10. HP: 42/62 MP: 0/0
  8669 | D:7      | Found a staircase to the Ecumenical Temple.
  8914 | Temple   | Entered the Ecumenical Temple
  8914 | Temple   | Found a transporter.
  8914 | Temple   | Found a transporter.
  8916 | Temple   | Found a transporter.
  8916 | Temple   | Found a transporter.
  9251 | D:8      | Found a shadowy altar of Dithmenos.
  9404 | D:8      | Noticed Amaemon
  9420 | D:8      | Noticed an orange demon
  9421 | D:8      | Killed Amaemon
  9422 | D:8      | Reached skill level 10 in Spellcasting
  9606 | D:8      | Killed an orange demon
 10927 | D:8      | HP: 3/62 [water moccasin (7)]
 11298 | D:8      | Found a large runed translucent door.
 11308 | D:8      | Found a large runed translucent door.
 11565 | D:8      | Found an ornate altar of the Wu Jian Council.
 11583 | D:8      | Found an opulent altar of Gozag.
 11914 | D:9      | Noticed Joseph
 11923 | D:9      | Killed Joseph
 12182 | D:9      | Reached XP level 11. HP: 65/68 MP: 0/0
 12182 | D:9      | Learned a level 5 spell: Alistair's Intoxication
 12401 | D:9      | Reached skill level 11 in Spellcasting
 13228 | D:9      | Found Vymeuwn's Weapon Boutique.
 13280 | D:9      | Found a runed translucent door.
 13309 | D:9      | Bought the +4 spear "Orphecit" {freeze, rC+ Int+2 Stlth+}
                  | for 603 gold pieces
 13374 | D:9      | Noticed Lutefisk's ghost (novice TeAE)
 13619 | D:9      | Killed Lutefisk's ghost
 13940 | D:10     | Entered Level 10 of the Dungeon
 13940 | D:10     | Found Ezonimm's Book Emporium.
 14007 | D:10     | Noticed a two-headed ogre
 14014 | D:10     | Killed a two-headed ogre
 14015 | D:10     | Reached skill level 12 in Spellcasting
 14090 | D:10     | Found a broken altar of Ashenzari.
 14099 | D:10     | Became a worshipper of Ashenzari the Shackled
 14213 | D:10     | Noticed a centaur warrior
 14220 | D:10     | Killed a centaur warrior
 14868 | D:10     | Reached XP level 12. HP: 28/76 MP: 0/0
 15262 | D:10     | Noticed Erolcha
 15278 | D:10     | Killed Erolcha
 15279 | D:10     | Reached skill level 13 in Spellcasting
 15697 | D:10     | Found a staircase to the Lair.
 15744 | Lair:1   | Entered Level 1 of the Lair of Beasts
 16599 | Lair:1   | Identified a scroll of acquirement
 17108 | Lair:2   | Reached skill level 14 in Spellcasting
 17943 | Lair:2   | Reached XP level 13. HP: 42/81 MP: 0/0
 17943 | Lair:2   | Learned a level 5 spell: Silence
 18426 | Lair:1   | Reached * piety under Ashenzari
 19253 | Lair:2   | Found a hole to the Spider Nest.
 19562 | Lair:3   | Found a staircase to the Shoals.
 19677 | Lair:3   | Reached skill level 5 in Armour
 19677 | Lair:3   | Reached skill level 5 in Shields
 19677 | Lair:3   | Reached skill level 15 in Spellcasting
 19901 | Lair:3   | Reached skill level 5 in Dodging
 20719 | Lair:3   | Identified Diaro's Meditations on the Reformed Door
 20944 | Lair:3   | Reached ** piety under Ashenzari
 21436 | Lair:4   | Reached *** piety under Ashenzari
 22361 | Lair:5   | Entered Level 5 of the Lair of Beasts
 22982 | Lair:5   | Found a blossoming altar of Fedhas.
 23088 | Lair:5   | Reached XP level 14. HP: 66/94 MP: 0/0
 23503 | Lair:5   | Reached **** piety under Ashenzari
 24193 | Lair:5   | Found a viscous altar of Jiyva.
 24214 | Lair:5   | Found a staircase to the Slime Pits.
 24579 | Lair:5   | Reached skill level 16 in Spellcasting
 25373 | Lair:4   | Reached ***** piety under Ashenzari
 28106 | Lair:5   | Found a corrupted altar of Lugonu.
 28107 | Lair:5   | Found a one-way gate to the infinite horrors of the Abyss.
 28746 | Slime:1  | Entered Level 1 of the Pits of Slime
 29043 | Slime:1  | Noticed a quicksilver ooze
 29046 | Slime:1  | Noticed a quicksilver ooze
 29050 | Slime:1  | Killed a quicksilver ooze
 29051 | Slime:1  | Reached skill level 5 in Stealth
 29055 | Slime:1  | Reached XP level 15. HP: 30/104 MP: 0/0
 29055 | Slime:1  | Learned a level 6 spell: Death Channel
 29072 | Lair:5   | Mangled by a quicksilver ooze

Illustrated notes

Levels and vault maps discovered:
D:1:      doesnt_arrival_eight_statues, layout_loops_ring,
          minmay_split_cup_large
D:2:      layout_rooms, uniq_terence
D:3:      layout_rooms, okawaru_ov_weapons_minmay,
          eat_drink_and_be_merry_uskayaw, nicolae_overflow_squiral,
          hangedman_decor_diamond_cutter
D:4:      layout_loops_ring, nicolae_ossuary_entry_catacombs,
          grunt_ministairs_13
D:5:      layout_loops_cross, nicolae_elevator_lobby_asterisk
D:6:      layout_loops_corners, mainiacjoe_overflow_concentric_impassable,
          minmay_fractal_squares_gapless_5
D:7:      layout_rooms, minmay_temple_entry_sparse_star
D:8:      minmay_skewed_foursquare, layout_loops_ring, jmf_multi_god_temple2,
          old_standard_altar, kennysheep_generic_room_6, uniq_amaemon
D:9:      layout_cave_pools, ebering_ghost_reflecting_pool,
          serial_bayou_lagoon_a, minmay_shop_grid_forest, uniq_joseph
D:10:     lemuel_ogre_cave, layout_rooms, lemuel_crystal_altar,
          lair_entry_dummy, serial_shops, shop
Temple:   hellmonk_temple_divided_pantheon
Lair:1:   layout_loops_ring, st_stairs_10, serial_bayou_shore_a
Lair:2:   layout_loops_ring, spider_nest_entry_funnel_web, serial_bayou_crossing
Lair:3:   beast_lair_carwin_large_1, layout_loops_ring,
          elwin_shoals_entry_stream
Lair:4:   layout_hall_layers, grunt_megastairs_3
Lair:5:   hellmonk_lair_end_abyssal_woods, layout_regular_city,
          nicolae_slime_entry_field_trip, enter_volcano_1, tgw_fedhas
Slime:1:  layout_caves, nicolae_slime_phagocytosis

Skill      XL: |  1  2  3  4  5  6  7  8  9 10 11 12 13 14 |
---------------+-------------------------------------------+-----
Spellcasting   | 3 4 6 8 9 10 12 14 15 16 | 16.9
Armour         | 1 2 3 4 5 6 |  6.3
Stealth        | 2 3 4 5 |  5.0
Dodging        | 3 4 5 6 |  6.5
Fighting       | 1 2 3 |  3.0
Shields        | 1 4 5 6 |  6.5
Short Blades   | |  0.2
Axes           | |  0.5
Polearms       | |  0.8

Action                     |  1- 3 |  4- 6 |  7- 9 | 10-12 | 13-15 || total
---------------------------+-------+-------+-------+-------+-------++-------
  Melee: Short sword       |       |    13 |       |     7 |       ||    20
         Punch             |       |     1 |       |       |       ||     1
         War axe           |       |       |       |    63 |       ||    63
         Spear             |       |       |       |    37 |   190 ||   227
   Cast: Foxfire           |    60 |    55 |   112 |   234 |   331 ||   792
         Scorch            |    12 |    31 |   105 |   119 |   189 ||   456
         Inner Flame       |     1 |     7 |    19 |    99 |    95 ||   221
         Summon Guardian G |       |       |     8 |    34 |    66 ||   108
         Searing Ray       |       |       |       |     2 |    14 ||    16
         Alistair's Intoxi |       |       |       |     6 |     6 ||    12
         Volatile Blastmot |       |       |       |     3 |       ||     3
         Flame Wave        |       |       |       |       |    15 ||    15
         Sticky Flame      |       |       |       |       |     2 ||     2
         Freeze            |       |       |       |       |     1 ||     1
         Death Channel     |       |       |       |       |     1 ||     1
 Invoke: Curse Item        |       |       |       |     1 |     6 ||     7
  Evoke: Wand              |       |       |       |     1 |     6 ||     7
    Use: Scroll            |       |     1 |       |    10 |     9 ||    20
         Potion            |       |       |       |       |     1 ||     1
 Armour: Robe              |     5 |       |       |    11 |    20 ||    36
         Leather armour    |     1 |    11 |    10 |    16 |       ||    38
  Dodge: Dodged            |    20 |    22 |    26 |    48 |    74 ||   190
  Block: Kite shield       |       |       |     1 |   108 |   165 ||   274
         Other             |       |       |     1 |       |       ||     1
         Reflection        |       |       |       |    10 |     2 ||    12
